 Dungeon Crawl Stone Soup version 0.30-a0-802-gb92711bcdf (webtiles) character file.

Game seed: 7167619676552172003

168141 cforsyth the Acrobat (level 18, -8/115 HPs)
             Began as a Kobold Brigand on Feb 23, 2023.
             Was the Champion of Hepliaklqana.
             Killed from afar by a salamander tyrant (17 damage)
             ... with a flame surge
             ... on level 4 of the Snake Pit.
             The game lasted 01:06:57 (32867 turns).

cforsyth the Acrobat (Kobold Brigand)              Turns: 32867, Time: 01:06:57

Health: -8/115     AC: 13    Str: 12    XL:     18   Next: 57%
Magic:  0/25       EV: 33    Int: 12    God:    Hepliaklqana [******]
Gold:   1766       SH:  0    Dex: 23    Spells: 27/27 levels left

rFire   + . .      SeeInvis +    Y - +7 captain's cutlass {speed, disarm}
rCold   . . .      Faith    .    (no shield)
rNeg    . . .      Spirit   +    a - +0 troll leather armour
rPois   +          Reflect  .    L - +2 helmet
rElec   +          Harm     .    W - +1 cloak of Death's Door {rPois}
rCorr   .          Rampage  .    C - +2 pair of gloves
Will    +++..                    A - +0 pair of boots {Stlth+}
Stlth   ++++++++++               l - amulet of guardian spirit
HPRegen 1.19/turn                y - ring of the Howling Gods {rElec rF+ Will+ Str+2 SInv}
MPRegen 0.19/turn                Z - ring of willpower

@: lethally poisoned (-8 -> -8), about to teleport, weakened, constricted,
studying Spellcasting
A: reduced essence, small, no large weapons, nightstalker 3
a: Renounce Religion, Recall Ancestor, Ancestor Identity, Transference, Idealise


You were on level 4 of the Snake Pit.
You worshipped Hepliaklqana.
Hepliaklqana was exalted by your worship.
You visited 5 branches of the dungeon, and saw 27 of its levels.
You also visited: Volcano.

You collected 4490 gold pieces.
You spent 2724 gold pieces at shops.

Inventory:

Hand Weapons
 J - a +4 antimagic dagger
 K - a +7 quick blade of draining
 Y - the +7 captain's cutlass (weapon) {speed, disarm}
   (You bought it in a shop on level 2 of the Snake Pit)
Missiles
 d - 64 poisoned darts (quivered)
 e - 4 curare-tipped darts
Armour
 a - a +0 troll leather armour (worn)
 A - a +0 pair of boots of stealth (worn)
 C - a +2 pair of gloves (worn)
 L - a +2 helmet (worn)
 W - the +1 cloak of Death's Door (worn) {rPois}
   (You found it on level 2 of the Lair of Beasts)

   rPois:     It protects you from poison.
Jewellery
 i - an amulet of magic regeneration
 l - an amulet of guardian spirit (around neck)
 o - a +6 ring of dexterity
 y - the ring of the Howling Gods (left hand) {rElec rF+ Will+ Str+2 SInv}
   (You bought it in a shop on level 2 of the Orcish Mines)

   [ring of protection from fire]

   Str:       It affects your strength (+2).
   rF:        It protects you from fire.
   rElec:     It insulates you from electricity.
   SInv:      It lets you see invisible.
   Will:      It increases your willpower.
 O - a ring of protection from fire
 X - a ring of flight
 Z - a ring of willpower (right hand)
Wands
 f - a wand of quicksilver (11)
 q - a wand of flame (30)
 r - a wand of paralysis (14)
 Q - a wand of digging (13)
 R - a wand of mindburst (31)
 S - a wand of roots (26)
 U - a wand of polymorph (5)
Scrolls
 b - 4 scrolls of magic mapping
 j - 8 scrolls of identify
 k - 5 scrolls of enchant armour
 u - 2 scrolls of brand weapon
 w - a scroll of fear
 z - 5 scrolls of blinking
 B - 2 scrolls of silence
 D - 5 scrolls of vulnerability
 E - 3 scrolls of fog
 F - 3 scrolls of poison
 G - 6 scrolls of teleportation
 P - 2 scrolls of summoning
 V - 2 scrolls of immolation
Potions
 c - 5 potions of cancellation
 g - 8 potions of flight
 h - 3 potions of magic
 m - 4 potions of brilliance
 n - 6 potions of mutation
 p - a potion of heal wounds
 s - 6 potions of haste
 t - 14 potions of curing
 v - 2 potions of berserk rage
 x - 5 potions of lignification
 H - 4 potions of resistance
 I - 7 potions of might
 M - a potion of invisibility
 N - 2 potions of attraction
 T - 4 potions of ambrosia


   Skills:
 + Level 19.6 Fighting
 - Level 14.4 Short Blades
 - Level 2.1 Throwing
 + Level 23.5 Dodging
 - Level 20.7 Stealth
 + Level 5.4 Shields
 - Level 5.0 Spellcasting


You had 27 spell levels left.
You didn't know any spells.
Your spell library contained the following spells:

 Spells                   Type           Power      Damage    Failure   Level
 Apportation              Tloc           6%         N/A       26%         1
 Beastly Appendage        Tmut           6%         N/A       26%         1
 Kiss of Death            Conj/Necr      12%        2d6       26%         1
 Magic Dart               Conj           12%        1d3       26%         1
 Necrotise                Necr           12%        1d4       26%         1
 Slow                     Hex            12%        N/A       26%         1
 Summon Small Mammal      Summ           12%        N/A       26%         1
 Blink                    Tloc           6%         N/A       36%         2
 Call Imp                 Summ           3%         N/A       36%         2
 Cigotuvi's Dreadful Rot  Necr/Pois/Air  6%         N/A       36%         2
 Lesser Beckoning         Tloc           6%         N/A       36%         2
 Momentum Strike          Conj/Tloc      6%         3d8       36%         2
 Static Discharge         Conj/Air       6%         2-3/arc   36%         2
 Wereblood                Tmut           3%         N/A       36%         2
 Confusing Touch          Hex            3%         N/A       58%         3
 Dazzling Flash           Conj/Hex       6%         N/A       58%         3
 Gell's Gravitas          Tloc           3%         N/A       58%         3
 Ignite Poison            Fire/Tmut/Pois 3%         N/A       58%         3
 Kindle Blastsparks       Fire/Tloc/Air  6%         2d10      58%         3
 Mephitic Cloud           Conj/Pois/Air  3%         N/A       58%         3
 Spider Form              Tmut/Pois      3%         N/A       58%         3
 Teleport Other           Tloc           3%         N/A       58%         3
 Vampiric Draining        Necr           3%         2d6       58%         3
 Vhi's Electric Charge    Tloc/Air       6%         N/A       58%         3
 Cause Fear               Hex            1%         N/A       94%         4
 Dispel Undead            Necr           3%         3d7       94%         4
 Fulminant Prism          Conj/Hex       1%         3d5       94%         4
 Iskenderun's Mystic Bla  Conj/Tloc      3%         2d3       94%         4
 Sticky Flame             Conj/Fire      3%         2d3       94%         4
 Summon Ice Beast         Ice/Summ       3%         N/A       94%         4
 Agony                    Necr           3%         N/A       100%        5
 Arcjolt                  Conj/Air       1%         1d11      100%        5
 Borgnjor's Vile Clutch   Necr/Erth      1%         N/A       100%        5
 Lee's Rapid Deconstruct  Erth           1%         3d4*      100%        5
 Lightning Bolt           Conj/Air       1%         1d12      100%        5
 Silence                  Hex/Air        1%         N/A       100%        5
 Summon Forest            Summ/Tloc      1%         N/A       100%        5
 Summon Mana Viper        Hex/Summ       3%         N/A       100%        5
 Death Channel            Necr           1%         N/A       100%        6
 Dispersal                Tloc           1%         N/A       100%        6
 Eringya's Noxious Bog    Tmut/Pois      1%         N/A       100%        6
 Dragon Form              Tmut           1%         N/A       100%        7
 Haunt                    Necr/Summ      1%         N/A       100%        7
 Monstrous Menagerie      Summ           1%         N/A       100%        7
 Summon Hydra             Summ           1%         N/A       100%        7
 Ignition                 Fire           1%         3d3       100%        8
 Dragon's Call            Summ           1%         N/A       100%        9


Dungeon Overview and Level Annotations

Branches:
Dungeon (15/15)            Temple (1/1) D:4            Lair (5/5) D:8
  Swamp (0/4) Lair:2        Snake (4/4) Lair:3        Slime (0/5) Lair:5
    Orc (2/2) D:12            Elf (0/3) Orc:2        Vaults (0/5) D:13
 Depths (0/4) D:15        Volcano (visited)

Altars:
Ashenzari
Cheibriados
Dithmenos
Elyvilon
Fedhas
Gozag
Hepliaklqana
Kikubaaqudgha
Makhleb
Nemelex Xobeh
Okawaru
Qazlal
Ru
Sif Muna
Trog
Uskayaw
Vehumet
Wu Jian
Xom
Yredelemnul
Zin
The Shining One

Shops:
D:11 !   D:14 [   Orc:2 [[=**   Snake:2 (   Snake:4 =

Annotations:
D:11 4 transporters
Lair:1 1 runed translucent door, olddryhag's ghost, novice DsGl


Innate Abilities, Weirdness & Mutations

Your life essence is reduced to manifest your ancestor. (-10% HP)
You are small and have problems with some larger weapons.
You are completely attuned to the shadows.


Message History

Chakide casts a spell at the salamander tyrant.
The naga ritualist easily resists.
The salamander completely misses you. The naga warrior completely misses you.
The naga warrior grabs you. The naga warrior constricts you.
* * * LOW HITPOINT WARNING * * *
The naga ritualist hits you but does no damage.
Unknown command.
You feel sick.
Chakide hits the naga warrior with a +0 dagger of draining!
The salamander tyrant gazes fiercely through you!
You feel as though you will be weak longer.
The salamander tyrant misses you.
The salamander tyrant gazes fiercely through you!
You feel as though you will be weak longer.
Chakide barely misses the naga warrior.
The salamander tyrant gazes fiercely through you!
You feel as though you will be weak longer.
The salamander tyrant completely misses you.
The salamander misses you.
A salamander tyrant comes into view.
The naga warrior misses you. The naga warrior constricts you.
* * * LOW HITPOINT WARNING * * *
The salamander completely misses you.
The naga ritualist completely misses you.
The salamander tyrant gazes fiercely through you!
You feel as though you will be weak longer.
You feel sick.
* * * LOW HITPOINT WARNING * * *
The naga ritualist's toxic aura wanes.
Chakide hits the naga warrior with a +0 dagger of draining!
Chakide drains the naga warrior.
The salamander tyrant closely misses you.
The salamander tyrant calls gouts of flame from the lava!
The flame surge hits you. You resist.
* * * LOW HITPOINT WARNING * * *
The flame surge hits Chakide!
Chakide resists.
The salamander tyrant calls gouts of flame from the lava!
The flame surge hits you!! You resist.
You die...

##### ##...##
####.....##
##..).###..# ##...)##
#..## #...### ##..≈#
##...#####§.R≈###
#.#.#.#≈§≈NNN≈≈.# ####
##...##≈§§N@NN...
...####.#.# ≈§§NNN≈≈≈.
###.##....##≈§§NNNN≈≈.
....##.....##≈§≈N§≈≈≈.
.§...#[[....##§≈N§≈≈S.
≈≈§≈.))....≈≈#.§§≈S..
≈§§≈)#)....≈≈
≈≈§≈.'.....≈
.....#.....


You could see the friendly Chakide the hexer, a naga warrior (distracted,
drained), 5 salamander tyrants, a salamander mystic, 7 salamanders, a naga
ritualist and a guardian serpent.

Vanquished Creatures
  The ghost of dolemite99 the Warrior, an adept DjFE of Hepliaklqana (Snake:1)
  2 nagarajas
  Aizul (Snake:1)
  A stone giant (Volcano)
  Azrael (Snake:1)
  The ghost of asti the Fighter, a journeyman MiBe of Trog (Orc:2)
  3 fire dragons
  Josephine (D:11)
  An ogre mage (Orc:2)
  2 salamander tyrants
  2 hydras
  A merfolk avatar (Lair:5)
  Erica (D:8)
  2 death knights
  7 anacondas
  2 catoblepae
  4 centaur warriors
  A dancing weapon (D:13)
  11 two-headed ogres
  4 boulder beetles
  A tengu warrior (D:15)
  14 naga warriors
  4 skysharks
  11 naga sharpshooters
  7 shock serpents
  Nergalle (Orc:1)
  A deep elf knight (D:15)
  A sea snake (Lair:5)
  3 skeletal warriors (D:13)
  6 salamander mystics
  Lodul (D:11)
  An obsidian statue (Volcano)
  Pikel (D:6)
  3 naga ritualists
  A lindwurm (Lair:3)
  2 harpies (Lair:5)
  3 deep elf pyromancers
  A phantasmal warrior (D:15)
  An orc knight (D:15)
  10 ugly things
  5 oklob plants
  A wolf spider (Lair:4)
  9 mana vipers
  8 cyclopes
  17 salamanders
  4 manticores
  15 elephants
  5 guardian serpents
  A gargoyle (D:12)
  3 naga magi
  Joseph (D:7)
  29 black mambas
  11 cane toads
  A yaktaur (shapeshifter) (D:13)
  11 rime drakes
  A yaktaur (D:15)
  A freezing wraith (D:15)
  9 komodo dragons
  2 efreet
  A queen bee (D:15)
  6 meliai (D:15)
  4 polar bears
  13 trolls
  2 hornets
  A polar bear (shapeshifter) (D:9)
  A snapping turtle (Lair:5)
  12 blink frogs
  4 dream sheep (Lair:5)
  A centaur simulacrum (D:14)
  3 shadows
  10 wyverns
  11 wraiths
  A vampire (D:9)
  30 yaks
  4 fire bats (Volcano)
  7 basilisks
  A fire elemental (Snake:1)
  10 steam dragons
  4 redbacks (D:14)
  7 vampire mosquitoes
  3 wargs
  28 nagas
  13 water moccasins
  2 hell hounds (Snake:1)
  2 acid dragons (D:9)
  A hexer (D:14)
  7 black bears
  A black bear (shapeshifter) (D:14)
  14 orc warriors
  25 ogres
  3 centaurs
  8 wolves
  A phantom (D:4)
  5 kobold brigands
  5 bullfrogs
  2 gnoll sergeants
  A necrophage (D:5)
  An earth elemental (Volcano)
  4 wights
  17 killer bees
  2 electric eels (Lair:4)
  5 lava snakes (Volcano)
  2 gnoll boudas
  2 hounds
  4 jellies
  16 orc priests
  13 orc wizards
  3 iguanas
  17 gnolls
  9 adders
  An ufetubus (D:4)
  3 worms
  2 dart slugs
  65 orcs
  2 ball pythons
  7 endoplasms
  3 giant cockroaches
  5 goblins
  A hobgoblin (D:2)
  3 jackals (D:1)
  2 quokkas
  6 bats
  2 frilled lizards (D:1)
  26 kobolds
  A rat (D:1)
734 creatures vanquished.

Vanquished Creatures (collateral kills)
  2 hydras
  An ogre mage (Orc:2)
  A dancing weapon (D:13)
  3 anacondas
  A naga warrior (Snake:4)
  An orc high priest (Orc:2)
  A naga sharpshooter (Snake:1)
  A lindwurm (Lair:5)
  2 deep trolls
  A harpy (Lair:5)
  An oklob plant (Lair:4)
  2 salamanders
  A cyclops (D:15)
  A mana viper (Snake:1)
  3 elephants
  A torpor snail (Lair:5)
  3 black mambas
  3 naga magi (Snake:3)
  An unseen horror (D:12)
  2 guardian serpents
  A gargoyle (D:12)
  2 kobold demonologists
  A rime drake (Lair:4)
  2 komodo dragons
  A polar bear (Lair:5)
  4 blink frogs
  3 dream sheep (Lair:5)
  A spriggan (Lair:3)
  A wraith (D:11)
  A fire elemental (Snake:1)
  11 yaks
  A fire bat (Volcano)
  A basilisk (D:14)
  A vampire mosquito (D:12)
  8 nagas
  4 orc warriors
  A black bear (Lair:3)
  6 ogres
  3 wolves
  A kobold brigand (D:9)
  A bullfrog (D:9)
  A scorpion (D:3)
  An earth elemental (Volcano)
  3 killer bees
  A howler monkey (D:9)
  A lava snake (Volcano)
  A hound (D:5)
  4 orc priests
  4 orc wizards
  4 gnolls
  3 adders
  2 shadow imps (D:6)
  A white imp (D:6)
  13 orcs
126 creatures vanquished.

Vanquished Creatures (others)
  A blink frog (Lair:5)
  A fire elemental (Snake:1)
  13 hexers
  A bush (Lair:1)
  20 fungi
  43 plants
79 creatures vanquished.

Grand Total: 939 creatures vanquished

Notes
Turn   | Place    | Note
-------+----------+-------------------------------------------
     0 | D:1      | cforsyth the Kobold Brigand began the quest for the Orb.
     0 | D:1      | Reached XP level 1. HP: 12/12 MP: 1/1
   247 | D:1      | Reached XP level 2. HP: 18/18 MP: 2/2
   826 | D:2      | Reached XP level 3. HP: 22/22 MP: 3/3
   866 | D:2      | Reached skill level 2 in Dodging
   990 | D:2      | Found a hazy altar of Hepliaklqana.
   995 | D:2      | Became a worshipper of Hepliaklqana the Forgotten
  1491 | D:3      | Noticed a scorpion
  1505 | D:4      | Reached XP level 4. HP: 28/28 MP: 4/4
  1779 | D:4      | Found a staircase to the Ecumenical Temple.
  1836 | Temple   | Entered the Ecumenical Temple
  2390 | D:4      | Reached XP level 5. HP: 32/32 MP: 5/5
  2672 | D:4      | Noticed a phantom
  2676 | D:4      | Killed a phantom
  2677 | D:4      | Reached skill level 3 in Dodging
  2824 | D:5      | Entered Level 5 of the Dungeon
  2838 | D:5      | Reached XP level 6. HP: 16/37 MP: 2/6
  2995 | D:5      | Reached * piety under Hepliaklqana
  3089 | D:5      | Noticed a black bear
  3100 | D:5      | Killed a black bear
  3101 | D:5      | Reached skill level 5 in Short Blades
  3282 | D:5      | Reached skill level 4 in Dodging
  3284 | D:5      | Found a bloodstained altar of Trog.
  3292 | D:5      | Reached XP level 7. HP: 38/38 MP: 7/7
  4553 | D:3      | Reached skill level 5 in Dodging
  4553 | D:3      | Reached XP level 8. HP: 33/43 MP: 6/8
  4845 | D:3      | Reached skill level 5 in Fighting
  5028 | D:3      | Reached ** piety under Hepliaklqana
  5029 | D:3      | Remembered your ancestor Chakide as a hexer
  5390 | D:6      | Noticed Pikel
  5426 | D:6      | Killed Pikel
  5427 | D:6      | Reached skill level 6 in Dodging
  5537 | D:6      | Reached XP level 9. HP: 49/49 MP: 9/9
  6096 | D:6      | You fall into a shaft and drop 3 floors!
  6194 | D:8      | Noticed Erica
  6199 | D:8      | Killed Erica
  6200 | D:8      | Reached skill level 7 in Dodging
  6200 | D:8      | Reached skill level 10 in Stealth
  6326 | D:7      | Noticed Joseph
  6330 | D:7      | Killed Joseph
  6331 | D:7      | Reached XP level 10. HP: 56/56 MP: 3/10
  6489 | D:7      | Reached skill level 8 in Dodging
  7227 | D:8      | Noticed an elephant
  7228 | D:8      | Found a staircase to the Lair.
  7280 | D:8      | Killed an elephant
  7411 | D:8      | Reached skill level 10 in Short Blades
  7740 | D:8      | Reached *** piety under Hepliaklqana
  8042 | D:6      | Reached skill level 9 in Dodging
  8785 | D:9      | Reached XP level 11. HP: 51/62 MP: 3/11
  8808 | D:9      | Noticed a centaur warrior
  9015 | D:10     | Entered Level 10 of the Dungeon
  9051 | D:10     | Identified 2 scrolls of acquirement
  9051 | D:10     | Acquired a manual of Spellcasting
  9053 | D:10     | Acquired a manual of Dodging
 10148 | D:11     | Reached skill level 10 in Dodging
 10228 | D:11     | Reached **** piety under Hepliaklqana
 10331 | D:11     | Found Ziellil's Distillery.
 10332 | D:11     | Noticed a cyclops
 10337 | D:11     | Killed a cyclops
 10368 | D:11     | Found a transporter.
 10371 | D:11     | Found a transporter.
 10424 | D:11     | Noticed a cyclops
 10427 | D:11     | Killed a cyclops
 10429 | D:11     | Found a transporter.
 10461 | D:11     | Reached skill level 11 in Dodging
 10604 | D:11     | Found a transporter.
 10736 | D:11     | Noticed Lodul
 10981 | D:11     | Noticed Josephine
 10984 | D:11     | Killed Josephine
 10985 | D:11     | Reached skill level 10 in Fighting
 11278 | D:11     | Reached skill level 12 in Dodging
 11362 | D:11     | Killed Lodul
 11363 | D:11     | Reached XP level 12. HP: 69/69 MP: 4/12
 11748 | D:12     | Noticed a boulder beetle
 11764 | D:12     | Killed a boulder beetle
 11917 | D:12     | Noticed a two-headed ogre
 11919 | D:12     | Killed a two-headed ogre
 11920 | D:12     | Reached skill level 13 in Dodging
 12152 | D:12     | Found a staircase to the Orcish Mines.
 12289 | D:12     | Noticed a two-headed ogre
 12298 | D:12     | Killed a two-headed ogre
 12389 | D:12     | Reached ***** piety under Hepliaklqana
 12785 | D:9      | Killed a centaur warrior
 12886 | D:9      | Reached skill level 14 in Dodging
 12886 | D:9      | Reached skill level 15 in Stealth
 12938 | D:9      | Noticed a four-headed hydra
 12955 | D:9      | Killed a four-headed hydra
 13371 | D:9      | Noticed a boulder beetle
 13390 | D:9      | Killed a boulder beetle
 13391 | D:9      | Reached XP level 13. HP: 59/75 MP: 3/13
 13970 | D:9      | Got Sif Muna's Parchment of Evil Magic and Apparitions
 13991 | D:9      | Identified the +7 trident of Compulsion {elec, rPois rF-
                  | Dex+4 Stlth+}
 14278 | D:9      | Reached skill level 15 in Dodging
 14945 | D:8      | Found a hide-covered altar of Uskayaw.
 14945 | D:8      | Found a blossoming altar of Fedhas.
 15014 | Lair:1   | Entered Level 1 of the Lair of Beasts
 15542 | Lair:1   | Found a runed translucent door.
 15543 | Lair:1   | Found a shimmering altar of Xom.
 15543 | Lair:1   | Noticed olddryhag's ghost (novice DsGl)
 16266 | Lair:1   | Acquired a +3 quick blade of draining
 16370 | Lair:2   | Identified the +1 cloak of Death's Door {rPois}
 16540 | Lair:2   | Found a staircase to the Swamp.
 16575 | Lair:2   | Reached skill level 16 in Dodging
 16609 | Lair:2   | Noticed a catoblepas
 16633 | Lair:2   | Killed a catoblepas
 17550 | Lair:3   | Reached skill level 17 in Dodging
 17563 | Lair:3   | Reached XP level 14. HP: 84/84 MP: 14/14
 17611 | Lair:3   | Found a staircase to the Snake Pit.
 18584 | Lair:4   | Reached skill level 18 in Dodging
 20035 | Lair:5   | Entered Level 5 of the Lair of Beasts
 20229 | Lair:5   | Found a dark tunnel.
 20237 | Volcano  | Entered a volcano
 20362 | Volcano  | Found a radiant altar of Vehumet.
 20368 | Volcano  | Noticed a stone giant
 20572 | Volcano  | Killed a stone giant
 21140 | Lair:5   | Reached skill level 19 in Dodging
 21285 | Lair:5   | Reached XP level 15. HP: 85/90 MP: 11/15
 21480 | Lair:5   | Identified the +2 leather armour "Osintid" {rN+}
 21483 | Lair:5   | Identified the -1 pair of gloves of Atheism {Int+4 Dex-2
                  | Stlth+}
 21759 | Lair:5   | Reached skill level 15 in Fighting
 22358 | Lair:5   | Found a staircase to the Slime Pits.
 22969 | Orc:1    | Entered Level 1 of the Orcish Mines
 23076 | Orc:1    | Noticed Nergalle
 23098 | Orc:1    | Killed Nergalle
 23139 | Orc:1    | Reached ****** piety under Hepliaklqana
 23518 | Orc:2    | Entered Level 2 of the Orcish Mines
 23563 | Orc:2    | Found a staircase to the Elven Halls.
 23702 | Orc:2    | Reached skill level 20 in Dodging
 23781 | Orc:2    | Found a runed translucent gate.
 23781 | Orc:2    | Found a runed translucent gate.
 23781 | Orc:2    | Found a runed translucent gate.
 23786 | Orc:2    | Found an opulent altar of Gozag.
 23787 | Orc:2    | Found Wuas's Assorted Antiques.
 23807 | Orc:2    | Found Del Onk's Jewellery Emporium.
 24064 | Orc:2    | Paralysed by an ogre mage for 5 turns
 24114 | Orc:2    | Reached XP level 16. HP: 99/99 MP: 13/16
 24141 | Orc:2    | Found Ceasch's Armour Boutique.
 24145 | Orc:2    | Bought the ring of the Howling Gods {rElec rF+ Will+ Str+2
                  | SInv} for 954 gold pieces
 24191 | Orc:2    | Found Ynuubuel's Assorted Antiques.
 24191 | Orc:2    | Found Xulamimo's Antique Armour Shoppe.
 24226 | Orc:2    | Bought a pair of glowing boots for 255 gold pieces
 24226 | Orc:2    | Bought a pair of runed gloves for 255 gold pieces
 24301 | Orc:2    | Reached skill level 1 in Spellcasting
 24651 | Orc:2    | Bought a buzzing scale mail for 288 gold pieces
 24651 | Orc:2    | Identified the +1 scale mail of Pottou {Rampage} (You
                  | bought it in a shop on level 2 of the Orcish Mines)
 24676 | Orc:2    | Noticed asti's ghost (journeyman MiBe)
 24709 | Orc:2    | Killed asti's ghost
 25576 | D:13     | Found a gate to the Vaults.
 26017 | D:14     | Reached skill level 5 in Spellcasting
 26505 | D:14     | Found a blossoming altar of Fedhas.
 26575 | D:14     | Found Feotas's Armour Emporium.
 26671 | D:14     | Reached skill level 21 in Dodging
 27069 | D:15     | Entered Level 15 of the Dungeon
 27339 | D:15     | Found a burning altar of Makhleb.
 27676 | D:15     | Identified the +7 rapier "Vaog Tyqe" {elec, rF+ rC+ Stlth+}
 28154 | D:15     | Found a staircase to the Depths.
 28462 | Snake:1  | Entered Level 1 of the Snake Pit
 28554 | Snake:1  | Noticed Aizul
 28555 | Snake:1  | Reached XP level 17. HP: 98/106 MP: 19/24
 28785 | Snake:1  | Noticed Azrael
 28801 | Snake:1  | Killed Azrael
 28903 | Snake:1  | Killed Aizul
 28904 | Snake:1  | Reached skill level 22 in Dodging
 29259 | Snake:1  | Found a runed translucent gate.
 29260 | Snake:1  | Found a runed translucent gate.
 29261 | Snake:1  | Found a runed translucent gate.
 29262 | Snake:1  | Noticed dolemite99's ghost (adept DjFE)
 29466 | Snake:1  | Killed dolemite99's ghost
 29564 | Snake:2  | Found Xuiklas's Weapon Boutique.
 29651 | Snake:2  | Bought the +7 captain's cutlass {speed, disarm} for 972
                  | gold pieces
 29651 | Snake:2  | Found the +7 captain's cutlass {speed, disarm}
 29938 | Snake:2  | Reached skill level 1 in Shields
 31040 | Snake:3  | Reached XP level 18. HP: 110/115 MP: 22/25
 31044 | Snake:3  | Reached skill level 23 in Dodging
 31632 | Snake:4  | Entered Level 4 of the Snake Pit
 32053 | Snake:4  | Found Vufij's Jewellery Boutique.
 32598 | Snake:4  | Reached skill level 5 in Shields
 32867 | Snake:4  | Killed from afar by a salamander tyrant

Illustrated notes

Levels and vault maps discovered:
D:1:      minmay_arrival_stair_chambers, layout_basic, minivault_23
D:2:      layout_loops_ring, basic_altar
D:3:      layout_loops_corners, minmay_misc_feat_enclosed
D:4:      layout_basic, minmay_temple_entry_slanted, grunt_ministairs_8
D:5:      layout_loops_ring, mainiacjoe_overflow_concentric_impassable
D:6:      layout_basic, chequers_serial_rivers_marsh, uniq_pikel
D:7:      layout_loops_ring, uniq_joseph
D:8:      layout_loops_ring, nicolae_overflow_hidden_temple, david_lair_generic,
          minmay_misc_feat_diagonals, uniq_erica
D:9:      minmay_the_grid_square_5x5_4x4
          [minmay_the_grid_square_5x5_eight_small,
          minmay_the_grid_square_5x5_moneybag,
          minmay_the_grid_square_5x5_three_walls,
          minmay_the_grid_square_5x5_doubleslash,
          minmay_the_grid_square_5x5_gyroscope,
          minmay_the_grid_square_5x5_prize_waves,
          minmay_the_grid_square_5x5_prize_pseudospiral,
          minmay_the_grid_square_5x5_plus, minmay_the_grid_square_5x5_tie,
          minmay_the_grid_square_5x5_prize_itemx,
          minmay_the_grid_square_5x5_prize_gold,
          minmay_the_grid_square_5x5_bridge, minmay_the_grid_square_5x5_n,
          minmay_the_grid_square_5x5_hollow_slash,
          minmay_the_grid_square_5x5_trominoes,
          minmay_the_grid_square_5x5_tri_point], layout_gridville,
          nicolae_island_escapes
D:10:     layout_long_grid, serial_co_window_serial, co_window_paths_a,
          co_window_of_opportunity_a, co_window_of_opportunity_a,
          co_window_paths_b, co_window_paths_a, co_window_paths_a,
          co_window_corner_a, co_window_paths_b, co_window_paths_b,
          co_window_broadway_b, co_window_unsneaky_path_a, co_window_2corner,
          co_window_corner_ca, co_window_paths_e
D:11:     layout_roguey, serial_shops, shop, grunt_ministairs_12,
          nicolae_transporter_circle, uniq_josephine, uniq_lodul
D:12:     layout_stronghold, david_orc_2
D:13:     layout_loops_cross, erik_vaults_1
D:14:     layout_irregular_city, serial_shops, nicolae_lakefront_shop,
          minmay_misc_feat_doors, tgw_fedhas
D:15:     grunt_enter_depths_hoard, layout_loops_cross, bloody_makhleb,
          minivault_7
Temple:   compressed_dpeg_triangle_lava_temple
Lair:1:   layout_regular_city, ebering_ghost_xom
Lair:2:   layout_loops_ring, swamp_mist, guppyfry_lair_drakes
Lair:3:   layout_loops_ring, nicolae_snake_entry_squirm,
          grunt_forest_stairs_clearing, infiniplex_staircase_pool
Lair:4:   minmay_lair_venomous_thicket, layout_cave_pods,
          nicolae_quartered_pool_medium, dpeg_oklob_1
Lair:5:   gammafunk_lair_ancient_temple, layout_small_grid,
          dpeg_slime_entry_enclosed, nicolae_volcano_entry_two_sided,
          st_stairs_4, nicolae_lair_lil_pond, bobbens_dragon_lair_wall
Snake:1:  layout_rooms, ebering_ghost_rock_garden, nicolae_triple_integral,
          uniq_azrael, uniq_aizul
Snake:2:  layout_onion_interference, serial_shops,
          nicolae_shop_bloodbath_and_beyond, serial_bayou_shore_b
Snake:3:  layout_cave_town, serial_bayou_pond_a
Snake:4:  grunt_snake_rune_pools, layout_misc_corridors, grunt_megastairs_4,
          serial_bayou_shore_b, minmay_shop_star
Orc:1:    layout_diamond_mine, uniq_nergalle
Orc:2:    st_orc_open, layout_caves, ebering_ghost_gozag, guppyfry_library_mini

Skill      XL: |  1  2  3  4  5  6  7  8  9 10 11 12 13 14 15 16 17 18 |
---------------+-------------------------------------------------------+-----
Short Blades   | 3 4 5 6 7 9 10 12 13 14 | 14.4
Dodging        | 2 3 4 5 6 7 9 12 14 17 19 20 21 22 23 | 23.5
Fighting       | 3 4 6 7 8 10 11 13 14 15 17 19 | 19.6
Stealth        | 6 7 8 9 10 12 13 15 17 18 20 | 20.7
Spellcasting   | 5 |  5.0
Shields        | 3 5 |  5.4
Throwing       | |  2.1

Action                     |  1- 3 |  4- 6 |  7- 9 | 10-12 | 13-15 | 16-18 || total
---------------------------+-------+-------+-------+-------+-------+-------++-------
  Melee: Dagger            |    62 |    73 |   225 |   716 |   236 |       ||  1312
         Punch             |     2 |     1 |     2 |    24 |    44 |    26 ||    99
         Quick blade       |       |       |       |       |  1700 |  1059 ||  2759
         Cutlass           |       |       |       |       |       |   620 ||   620
 Invoke: Ancestor Life: He |       |       |     1 |       |       |       ||     1
         Recall Ancestor   |       |       |       |     2 |       |       ||     2
  Evoke: Wand              |       |       |       |       |       |     1 ||     1
    Use: Scroll            |       |       |       |    17 |    14 |    10 ||    41
         Potion            |       |       |       |       |       |     2 ||     2
   Stab: Sleeping          |    19 |     9 |    23 |    19 |    30 |    40 ||   140
         Distracted        |       |       |     2 |    13 |    23 |    23 ||    61
         Confused          |       |       |     4 |    25 |    37 |    19 ||    85
         Petrified         |       |       |       |       |     1 |       ||     1
         Paralysed         |       |       |       |       |    23 |    34 ||    57
 Armour: Robe              |     9 |     7 |     1 |    55 |     3 |       ||    75
         Leather armour    |       |       |    12 |       |       |       ||    12
         Troll leather arm |       |       |       |       |    68 |    94 ||   162
  Dodge: Dodged            |    28 |    44 |   112 |   561 |  1249 |  1067 ||  3061

Table legend: (Time is in decaauts)
 A = Elapsed time spent in this place.
 B = Non-inter-level travel time spent in this place.
 C = Inter-level travel time spent in this place.
 D = Time resting spent in this place.
 E = Time spent auto-exploring this place.
 F = Levels seen in this place.
 G = Mean time per level.
                   A        B        C        D        E       F      G
               +--------+--------+--------+--------+--------+-----+--------+
         Total |  30055 |  28259 |   1796 |   2386 |  20981 |  28 | 1073.4 |
       Dungeon |  17522 |  16164 |   1358 |   1328 |  12365 |  15 | 1168.1 |
        Temple |    504 |    483 |     21 |      0 |    468 |   1 |  504.0 |
          Lair |   6059 |   5789 |    270 |    444 |   4291 |   5 | 1211.8 |
     Snake Pit |   3748 |   3659 |     89 |    193 |   2760 |   4 |  937.0 |
  Orcish Mines |   1538 |   1482 |     56 |    145 |    951 |   2 |  769.0 |
       Volcano |    682 |    682 |      0 |    276 |    146 |   1 |  682.0 |
               +--------+--------+--------+--------+--------+-----+--------+

Top non-repeatable levels by time:
     D:9: 2500 daAuts
  Lair:4: 1737 daAuts
  Lair:5: 1534 daAuts
     D:8: 1483 daAuts
    D:10: 1417 daAuts
    D:11: 1353 daAuts
     D:5: 1224 daAuts
    D:12: 1212 daAuts
     D:3: 1148 daAuts
  Lair:1: 1118 daAuts
     D:6: 1063 daAuts
 Snake:3: 1045 daAuts
    D:14: 1028 daAuts
    D:13: 1025 daAuts
    D:15: 993 daAuts
